 Dungeon Crawl Stone Soup version 0.15.0-18-g9076a4f (webtiles) character file.

3967 Leibowitz the Insei (level 10, -6/79 HPs)
             Began as a Demonspawn Monk on Sept 7, 2014.
             Mangled by a blink frog (11 damage)
             ... on Level 7 of the Lair of Beasts.
             The game lasted 01:06:11 (11123 turns).

Leibowitz the Insei (Demonspawn Monk)              Turns: 11123, Time: 01:06:12

HP  -6/79        AC 10     Str 15      XL: 10   Next:  2%
MP  14/14        EV 14     Int 12      God:
Gold 455         SH  0     Dex 15      Spells:  2 memorised,  9 levels left

rFire  + . .     SeeInvis +       - Unarmed
rCold  + . .     Rnd*Rage +     g - +3 ring mail {rF+}
rNeg   . . .     rCorr    .     (no shield)
rPois  .         rRot     .     (helmet restricted)
rElec  .         Spirit   .     (no cloak)
SustAb .         Warding  .     w - +0 pair of gloves
rMut   .         Stasis   .     (no boots)
Gourm  .                        (no amulet)
MR     .....                    (no ring)
                                (no ring)

@: very slightly contaminated, invisible, not resistant to hostile enchantments,
fairly stealthy
A: horns 1, talons 2, repulsion field 1, see invisible, berserk 1, cold
resistance 1, spiny 1
a: no special abilities


You were on level 7 of the Lair of Beasts.
You were hungry.

You visited 3 branches of the dungeon, and saw 17 of its levels.

You collected 455 gold pieces.

Inventory:

Missiles
 c - 7 poisoned needles
 e - 8 needles of sleeping
 p - a throwing net (quivered)
Armour
 g - a +3 ring mail of fire resistance (worn)
 u - the +5 plate armour of Fuil {rN+}
   (You found it on level 8 of the Dungeon)

   It protects you from negative energy.
 w - a +0 pair of gloves (worn)
Magical devices
 f - a wand of fire (9)
 l - a wand of lightning (3)
 q - a wand of invisibility (0)
Comestibles
 b - 6 bread rations
 d - 3 slices of pizza
 k - 7 fruits
 m - a meat ration
 t - 10 royal jellies
 v - 3 rotting chunks of sheep flesh
 z - 2 chunks of quokka flesh
Scrolls
 a - a scroll of amnesia
 h - a scroll of enchant weapon
 n - 8 scrolls of identify
 s - a scroll of recharging
 x - a scroll of summoning {unknown}
Jewellery
 o - an uncursed ring of fire
Potions
 i - a potion of restore abilities
 j - a potion of curing
 r - a potion of resistance


   Skills:
 + Level 7.0 Fighting
 + Level 4.5 Armour
 + Level 7.0 Dodging
 + Level 5.6 Stealth
 + Level 7.4 Unarmed Combat
 + Level 1.7 Spellcasting
 + Level 1.3 Conjurations
 + Level 1.7 Poison Magic
 + Level 0.2 Evocations


You had 9 spell levels left.
You knew the following spells:

 Your Spells              Type           Power        Failure   Level  Hunger
a - Sting                 Conj/Pois      #...         21%         1    ##.....
b - Cure Poison           Pois           #.........   24%         2    ###....


Dungeon Overview and Level Annotations

Branches:
Dungeon (9/15)             Temple (1/1) D:7            Lair (7/8) D:9
    Orc: D:9-12       Swamp: Lair:3-6    Shoals: Lair:3-6     Snake: Lair:3-6
 Spider: Lair:3-6     Slime: Lair:6-8

Altars:
Ashenzari
Cheibriados
Dithmenos
Elyvilon
Fedhas
Kikubaaqudgha
Makhleb
Nemelex Xobeh
Okawaru
Qazlal
Sif Muna
Trog
Xom
Yredelemnul
Zin

Shops:
D:4 (%}

Annotations:
D:5 TZer0's ghost, experienced TrCK
D:7 Dowan; Duvessa
Lair:3 Medar's ghost, powerful NaWn


Innate Abilities, Weirdness & Mutations

You have razor-sharp toenails.
You are surrounded by a mild repulsion field (EV +2).
Your flesh is cold resistant.
You are partially covered in sharp spines.
You have a pair of small horns on your head.
You have supernaturally acute eyesight.
You tend to lose your temper in combat.


Message History

The griffon is moderately wounded.
The griffon bites you but does no damage.
The griffon closely misses you. x2
You punch the griffon! You claw the griffon, but do no damage.
Your headbutt misses the griffon.
The griffon is moderately wounded.
The griffon bites you!
* * * LOW HITPOINT WARNING * * *
The griffon barely misses you.
The griffon claws you but does no damage.
You punch the griffon!
The griffon is heavily wounded.
The griffon misses you.
The griffon pecks you but does no damage.
The griffon closely misses you.
You hit the griffon but do no damage. You headbutt the griffon.
The griffon is heavily wounded.
The griffon barely misses you. The griffon closely misses you.
The griffon barely misses you. The blink frog hits you!
You die...

..#.....#......
...............)
..................
........<.........
..................
..........(........
...............P..
.#..............#.
....P.###@.....##
.......#FH.....#
...P.....l......#
...P.....#...#.+#
..)..........#..###
......#.#.....8..#
.................F
.....$......###.FF
.............# #


You could see a griffon, a komodo dragon (wandering) and a blink frog.

Vanquished Creatures
  A spiny frog (Lair:2)
  A hungry ghost (D:8)
  Menkaure (D:5)
  A porcupine (Lair:3)
  A phantom (D:7)
  2 ice beasts
  An orc warrior (D:9)
  4 ogres
  A black bear (D:6)
  5 centaurs
  3 giant frogs
  A brain worm (Lair:7)
  A big kobold (D:6)
  A scorpion (D:3)
  3 eyes of draining (D:6)
  A killer bee (D:9)
  5 wights (D:8)
  A crimson imp (D:6)
  2 hounds (D:7)
  4 orc wizards
  2 quasits
  4 jellies
  5 orc priests
  5 iguanas
  7 worker ants
  5 sheep (Lair:5)
  A sky beast zombie (D:6)
  An ogre skeleton (D:7)
  A hound zombie (D:5)
  14 adders
  2 shadow imps
  2 giant mites
  7 worms
  2 giant geckos
  8 oozes
  35 orcs
  A ball python (D:1)
  7 giant cockroaches
  14 hobgoblins
  14 kobolds
  6 quokkas
  16 bats
  A giant gecko zombie (D:7)
  7 giant newts
  14 goblins
  A goblin zombie (D:6)
  A hobgoblin skeleton (D:4)
  9 jackals
  10 rats
  A rat skeleton (D:5)
243 creatures vanquished.

Vanquished Creatures (others)
  An orc priest (D:9)
  A giant spore (D:7)
2 creatures vanquished.

Grand Total: 245 creatures vanquished

Notes
Turn   | Place    | Note
--------------------------------------------------------------
     0 | D:1      | Leibowitz, the Demonspawn Monk, began the quest for the Orb.
     0 | D:1      | Reached XP level 1. HP: 18/18 MP: 1/1
   287 | D:1      | Gained mutation: You have sharp toenails. [demonic ancestry]
   287 | D:1      | Reached XP level 2. HP: 24/24 MP: 2/2
   575 | D:1      | Reached skill level 4 in Unarmed Combat
   884 | D:2      | Reached XP level 3. HP: 10/29 MP: 3/3
  1450 | D:2      | Gained mutation: You are surrounded by a mild repulsion field (EV +2). [demonic ancestry]
  1450 | D:2      | Reached XP level 4. HP: 22/35 MP: 4/4
  2335 | D:3      | Gained mutation: You tend to lose your temper in combat. [potion of mutation]
  2335 | D:3      | Gained mutation: You have supernaturally acute eyesight. [potion of mutation]
  2335 | D:3      | Gained mutation: You have a pair of small horns on your head. [potion of mutation]
  2430 | D:3      | Reached XP level 5. HP: 18/42 MP: 5/5
  3235 | D:3      | Gained mutation: You have razor-sharp toenails. [demonic ancestry]
  3235 | D:3      | Reached XP level 6. HP: 13/48 MP: 6/6
  3831 | D:4      | Found Psiudgh's Food Boutique.
  3862 | D:4      | Found Pez Afei's Gadget Boutique.
  4337 | D:4      | Found Theckiva's Weapon Emporium.
  4368 | D:4      | Reached skill level 5 in Unarmed Combat
  4575 | D:4      | Reached XP level 7. HP: 43/55 MP: 7/7
  4957 | D:5      | Entered Level 5 of the Dungeon
  4979 | D:5      | Noticed Menkaure
  4989 | D:5      | Killed Menkaure
  4989 | D:5      | Reached skill level 1 in Armour
  5526 | D:5      | Noticed TZer0's ghost (experienced TrCK)
  5745 | D:6      | Reached skill level 5 in Fighting
  5848 | D:6      | Found a bloodstained altar of Trog.
  5948 | D:6      | Reached skill level 5 in Dodging
  5948 | D:6      | Reached XP level 8. HP: 60/62 MP: 8/8
  6032 | D:6      | Found a deep blue altar of Sif Muna.
  6397 | D:6      | Reached skill level 6 in Unarmed Combat
  7051 | D:6      | Reached skill level 5 in Stealth
  7611 | D:7      | Learned a level 1 spell: Sting
  7614 | D:7      | Learned a level 2 spell: Cure Poison
  8124 | D:7      | Gained mutation: You are partially covered in sharp spines. [demonic ancestry]
  8124 | D:7      | Reached XP level 9. HP: 69/69 MP: 4/9
  8262 | D:7      | Noticed Dowan
  8263 | D:7      | Noticed Duvessa
  8351 | D:7      | Found a staircase to the Ecumenical Temple.
  8356 | Temple   | Entered the Ecumenical Temple
  8636 | D:8      | Reached skill level 1 in Spellcasting
  8726 | D:8      | Got a blackened plate armour
  8729 | D:8      | Identified the +5 plate armour of Fuil {rN+} (You found it on level 8 of the Dungeon)
  8805 | D:8      | Reached skill level 1 in Poison Magic
  9707 | D:8      | Reached skill level 7 in Unarmed Combat
  9992 | D:9      | Found a sparkling altar of Nemelex Xobeh.
 10060 | D:9      | Reached skill level 1 in Conjurations
 10333 | D:9      | Found a staircase to the Lair.
 10365 | Lair:1   | Entered Level 1 of the Lair of Beasts
 10632 | Lair:2   | Noticed a spiny frog
 10644 | Lair:2   | Killed a spiny frog
 10696 | Lair:3   | Noticed Medar's ghost (powerful NaWn)
 10736 | Lair:5   | Gained mutation: Your flesh is cold resistant. [demonic ancestry]
 10736 | Lair:5   | Reached XP level 10. HP: 30/79 MP: 14/14
 10987 | Lair:5   | Noticed a four-headed hydra
 11094 | Lair:7   | Noticed a griffon
 11123 | Lair:7   | Mangled by a blink frog

Action                   |  1- 3 |  4- 6 |  7- 9 | 10-12 || total
-------------------------+-------+-------+-------+-------++-------
Melee: Unarmed           |   129 |   251 |   541 |    29 ||   950
 Cast: Sting             |       |       |    27 |       ||    27
       Cure Poison       |       |       |     1 |       ||     1
Evoke: Wand              |       |       |     4 |     2 ||     6
  Use: Scroll            |       |     5 |     6 |       ||    11
       Potion            |       |     5 |     6 |       ||    11
 Stab: Sleeping          |     5 |     6 |    15 |     1 ||    27
       Invisible         |       |     2 |     2 |     5 ||     9
  Eat: Chunk             |     2 |    11 |    23 |     1 ||    37
       Beef jerky        |       |       |     2 |       ||     2
